[Event "Titled Tuesday Blitz August 08 Early 2023"]
[White "Lopez Gracia, Fernando"]
[Black "Goh, Wei Ming Kevin"]
[WhiteFideId "2207184"]
[BlackFideId "5800706"]
[WhiteElo "2332"]
[BlackElo "2630"]
[Result "0-1"]
[Round "7"]
[TimeControl "180+1"]
[Date "2023.08.08"]
[WhiteClock "0:00:17"]
[BlackClock "0:00:08"]
[Board "163"]

1. e4 e6 2. d4 d5 3. e5 c5 4. c3 Nc6 5. Nf3 Nh6 6. Bxh6 gxh6 7. Bd3 Qb6 8. Qe2 c4 9. Bc2 Qxb2 10. O-O Qxa1 11. Ba4 Bd7 12. Qc2 b5 13. Bxb5 Rb8 14. Na3 Qxf1+ 15. Kxf1 Bxa3 16. Qa4 Rxb5 17. Qxb5 O-O 18. Qa4 Be7 19. Qc2 Rb8 20. Qd2 Bf8 21. g4 a5 22. Qf4 Ne7 23. h4 Rb2 24. Qf6 Rxa2 25. g5 h5 26. Qf4 a4 27. Qc1 a3 28. Ne1 Rb2 29. Qa1 Nf5 30. Ng2 Ba4 31. Ne3 Nxe3+ 32. fxe3 Bc2 33. Kf2 Bf5+ 34. Kf3 Rc2 35. Kg3 a2 36. Kf3 Rd2 37. Kg3 Bb1 38. g6 hxg6 39. Kf4 Ba3 40. Kg5 Bb2 41. e4 Bxa1 42. exd5 exd5 43. e6 fxe6 44. Kf6 Bxc3 45. Kxe6 a1=Q 46. Kxd5 Qa5+ 47. Kxc4 Rxd4+ 48. Kb3 Qb4# 0-1


[Site "https://www.chess.com"]

[Event "Titled Tuesday Blitz August 08 Early 2023"]
[White "Orlov, Georgi"]
[Black "Pavlidou, Ekaterini"]
[WhiteFideId "2011271"]
[BlackFideId "4213262"]
[WhiteElo "2563"]
[BlackElo "2320"]
[Result "1/2-1/2"]
[Round "7"]
[TimeControl "180+1"]
[Date "2023.08.08"]
[WhiteClock "0:01:03"]
[BlackClock "0:00:41"]
[Board "165"]

1. e4 c5 2. Nf3 Nc6 3. Bb5 e6 4. Bxc6 bxc6 5. O-O d5 6. d3 Ne7 7. Nc3 Ng6 8. Re1 Be7 9. a3 d4 10. Ne2 e5 11. Ng3 Be6 12. Nf5 Bf6 13. h3 Ne7 14. g4 g6 15. Nh6 Ng8 16. Nxg8 Rxg8 17. Kg2 h5 18. Nh2 Bg5 19. Qf3 Bxc1 20. Raxc1 f5 21. exf5 Bd5 22. Rxe5+ Kf8 23. Re4 Bxe4 24. dxe4 gxf5 25. Qxf5+ Ke7 26. Qxc5+ Kd7 27. Rd1 Kc7 28. Rxd4 Qf6 29. e5 Qf8 30. Rd7+ Kxd7 31. e6+ Kxe6 32. Qxc6+ Qd6 33. Qe4+ Qe5 34. Qc6+ Qd6 35. Qe4+ Kd7 36. Qb7+ Ke6 37. Qe4+ 1/2-1/2


[Site "https://www.chess.com"]

[Event "Titled Tuesday Blitz August 08 Early 2023"]
[White "Osinovsky, Stepan"]
[Black "Parpiev, Isaak"]
[WhiteFideId "4157354"]
[BlackFideId "34281576"]
[WhiteElo "2320"]
[BlackElo "2525"]
[Result "0-1"]
[Round "7"]
[TimeControl "180+1"]
[Date "2023.08.08"]
[WhiteClock "0:00:46"]
[BlackClock "0:01:32"]
[Board "166"]

1. e4 c6 2. d3 d5 3. Nd2 e5 4. Ngf3 Bd6 5. d4 exd4 6. e5 Bc7 7. Bd3 Ne7 8. h4 Nd7 9. Qe2 Ng6 10. Nb3 Ngxe5 11. Nbxd4 O-O 12. Ng5 Nxd3+ 13. Qxd3 Re8+ 14. Kf1 Nf6 15. b3 c5 16. Ndf3 d4 17. c3 dxc3 18. Qxc3 Qd1+ 19. Ne1 Qe2+ 20. Kg1 Qxe1+ 0-1


[Site "https://www.chess.com"]

[Event "Titled Tuesday Blitz August 08 Early 2023"]
[White "Rama, Tejas"]
[Black "Dong Khanh Linh"]
[WhiteFideId "30907381"]
[BlackFideId "12403040"]
[WhiteElo "2503"]
[BlackElo "2319"]
[Result "0-1"]
[Round "7"]
[TimeControl "180+1"]
[Date "2023.08.08"]
[WhiteClock "0:00:00"]
[BlackClock "0:00:02"]
[Board "167"]

1. d4 f5 2. c4 Nf6 3. g3 e6 4. Bg2 Be7 5. Nf3 O-O 6. O-O d6 7. Nc3 Ne4 8. Nxe4 fxe4 9. Ne1 d5 10. f3 Nc6 11. Be3 dxc4 12. fxe4 Rxf1+ 13. Kxf1 Bg5 14. Bxg5 Qxg5 15. Qc1 Qxc1 16. Rxc1 Nxd4 17. Rxc4 Nc6 18. e5 Bd7 19. Nd3 Rf8+ 20. Ke1 Rf5 21. Nc5 Nxe5 22. Rd4 Bc6 23. Bh3 Rh5 24. Bxe6+ Kf8 25. h4 Ke7 26. Bb3 Nf3+ 27. exf3 Rxc5 28. Kf2 b6 29. Ke3 Re5+ 30. Kf2 Bb7 31. Bc2 h6 32. Ra4 a5 33. Rc4 c5 34. Rg4 g5 35. hxg5 hxg5 36. f4 gxf4 37. gxf4 Rd5 38. Be4 Bc8 39. Rg7+ Kf6 40. Rg6+ Kf7 41. Rxb6 Rd4 42. Ke3 Be6 43. Rb7+ Kf6 44. a3 Rc4 45. Rb6 Ke7 46. Bd3 Rd4 47. f5 Bd5 48. Rb5 Kd6 49. Rxa5 Ke5 50. Ra8 Rh4 51. Re8+ Kf6 52. Rf8+ Ke5 53. Re8+ Kf6 54. Kd2 Rh3 55. Rf8+ Ke5 56. Re8+ Kd4 57. Be2 Rh2 58. f6 Bc4 59. b3 Bxb3 60. Re7 Bc4 61. f7 Rf2 62. Rd7+ Ke5 63. Ke3 Rxe2+ 64. Kf3 Re1 65. Re7+ Be6 0-1


[Site "https://www.chess.com"]

[Event "Titled Tuesday Blitz August 08 Early 2023"]
[White "Pinero Rodriguez, Carlos Jose"]
[Black "Valle Maytin, Luis Enrique"]
[WhiteFideId "3901726"]
[BlackFideId "3503666"]
[WhiteElo "2502"]
[BlackElo "2313"]
[Result "0-1"]
[Round "7"]
[TimeControl "180+1"]
[Date "2023.08.08"]
[WhiteClock "0:00:00"]
[BlackClock "0:00:08"]
[Board "168"]

1. e4 c6 2. d4 d5 3. exd5 cxd5 4. Bd3 Nc6 5. c3 Nf6 6. Ne2 g6 7. O-O Bf5 8. Bxf5 gxf5 9. Qb3 Qb6 10. Qxb6 axb6 11. f3 Kd7 12. Na3 e6 13. Nb5 Ra5 14. a4 Be7 15. b3 Rha8 16. Bd2 Ne8 17. Na3 Nc7 18. Nc2 b5 19. axb5 Rxa1 20. Rxa1 Rxa1+ 21. Nxa1 Nxb5 22. Nc2 Nc7 23. Bf4 Na5 24. Bxc7 Kxc7 25. Nc1 b5 26. Kf2 Nc6 27. Nd3 Bd6 28. b4 Ne7 29. g3 Nc8 30. Na3 Kc6 31. Nc5 Nb6 32. Ke3 h5 33. Nd3 Na4 34. Nb1 h4 35. gxh4 Bxh2 36. f4 Bg3 37. h5 Bh4 38. h6 Kd6 39. Ne5 Ke7 40. h7 Bf6 41. Kd3 Kf8 42. Nd7+ Kg7 43. Nxf6 Nb2+ 44. Kc2 Nc4 45. Nd2 Ne3+ 46. Kb3 Ng2 47. Nh5+ Kxh7 48. Nf3 Kg6 49. Ng3 Nxf4 50. Ne5+ Kf6 51. Nc6 Nd3 52. Na7 f4 53. Nf1 f3 54. Nxb5 f2 55. Na3 Kf5 56. b5 Ke4 57. b6 Kf3 58. Nc2 Ke2 0-1


[Site "https://www.chess.com"]

[Event "Titled Tuesday Blitz August 08 Early 2023"]
[White "Gavilan Diaz, Mario"]
[Black "Doluhanova, Evgeniya"]
[WhiteFideId "2260905"]
[BlackFideId "14112035"]
[WhiteElo "2480"]
[BlackElo "2301"]
[Result "0-1"]
[Round "7"]
[TimeControl "180+1"]
[Date "2023.08.08"]
[WhiteClock "0:00:09"]
[BlackClock "0:00:20"]
[Board "169"]

1. d4 Nf6 2. c4 e6 3. Nc3 Bb4 4. Qc2 O-O 5. e4 d5 6. e5 Ne4 7. Bd3 f5 8. Ne2 c6 9. O-O Nxc3 10. bxc3 Be7 11. Rb1 Nd7 12. cxd5 cxd5 13. a4 b6 14. Nf4 Nb8 15. c4 g5 16. Ne2 Bb7 17. cxd5 Bxd5 18. Nc3 Bb7 19. Bc4 Nc6 20. Rd1 Nxd4 21. Qb2 Bc5 22. Be3 f4 23. Bxd4 Bxd4 24. Qb3 g4 25. Nb5 Bxf2+ 26. Kxf2 Qh4+ 27. Kg1 g3 28. Bxe6+ Kh8 29. h3 Bxg2 30. Rd4 Bxh3 31. Bxh3 Qxh3 32. Qc2 f3 33. Rd2 f2+ 34. Rxf2 gxf2+ 35. Qxf2 Rxf2 36. Kxf2 Qf5+ 37. Ke2 Qxb1 0-1


[Site "https://www.chess.com"]

[Event "Titled Tuesday Blitz August 08 Early 2023"]
[White "Shishkov, Andrei"]
[Black "rionelG"]
[WhiteFideId "4500563"]
[WhiteElo "2479"]
[BlackElo "2301"]
[Result "1-0"]
[Round "7"]
[TimeControl "180+1"]
[Date "2023.08.08"]
[WhiteClock "0:00:09"]
[BlackClock "0:00:00"]
[Board "170"]

1. d4 Nf6 2. c4 g6 3. f3 Bg7 4. e4 O-O 5. Be3 d6 6. Nc3 c5 7. dxc5 dxc5 8. Qxd8 Rxd8 9. Bxc5 Nc6 10. Nge2 b6 11. Ba3 Nd7 12. O-O-O Bb7 13. b3 Nde5 14. Kc2 Rxd1 15. Nxd1 Rd8 16. Nf2 h5 17. h3 g5 18. h4 g4 19. f4 Nd7 20. g3 Nd4+ 21. Nxd4 Bxd4 22. Rh2 Bxf2 23. Rxf2 Bxe4+ 24. Bd3 Bxd3+ 25. Kxd3 Nc5+ 26. Ke3 Rd3+ 27. Ke2 Rxg3 28. f5 e5 29. fxe6 Nxe6 30. Kf1 Nd4 31. Rd2 Nf3 32. Rd5 Rh3 33. Rxh5 Rxh4 34. Rf5 Rh2 35. Rf4 Rxa2 36. Rxg4+ Kh7 37. Bd6 Nd2+ 38. Ke1 Nxb3 39. Be5 Nc5 40. Rg7+ Kh6 41. Kd1 Nd3 42. Bd4 Nb2+ 43. Kc1 Nxc4 44. Rxf7 Ra4 45. Bc3 Kg6 46. Rf2 a5 47. Rf6+ Kg5 48. Kc2 Ra3 49. Rc6 1-0


[Site "https://www.chess.com"]

[Event "Titled Tuesday Blitz August 08 Early 2023"]
[White "UgarteCesar"]
[Black "marik_spb"]
[WhiteElo "2295"]
[BlackElo "2474"]
[Result "0-1"]
[Round "7"]
[TimeControl "180+1"]
[Date "2023.08.08"]
[WhiteClock "0:00:00"]
[BlackClock "0:00:09"]
[Board "171"]

1. d4 Nf6 2. Bf4 g6 3. e3 Bg7 4. h3 O-O 5. Nf3 b6 6. Be2 Bb7 7. Nbd2 c5 8. c3 d6 9. a4 Nbd7 10. O-O Ne4 11. Nxe4 Bxe4 12. Nd2 Bb7 13. Bf3 Qc7 14. Bh2 e5 15. Bxb7 Qxb7 16. Nc4 exd4 17. Nxd6 Qd5 18. cxd4 cxd4 19. exd4 Qxd4 20. Rb1 Nc5 21. Qf3 Rad8 22. b4 Nxa4 23. Rfd1 Qf6 24. Qxf6 Bxf6 25. Ne4 Bg7 26. b5 Rfe8 27. Nd6 Nc3 28. Nxe8 Nxd1 29. Nxg7 Kxg7 30. Ra1 Nc3 31. Bc7 Rd1+ 32. Rxd1 Nxd1 33. Bb8 Kf6 34. Bxa7 Nc3 35. Bxb6 Nxb5 36. Be3 Ke6 37. g4 Kd5 38. Kg2 Ke4 39. Kg3 Nc3 40. Ba7 Ne2+ 41. Kg2 Nd4 42. Kg3 Nf3 43. Be3 Ne5 44. Ba7 Nf3 45. Be3 f6 46. Ba7 Nd2 47. Bb6 f5 48. gxf5 gxf5 49. Ba7 Nf3 50. Be3 Ne5 51. Ba7 Ng6 52. f3+ Kd3 53. f4 h5 54. Bb8 Ke4 55. h4 Ne7 56. Bc7 Nd5 57. Be5 Nb4 58. Bb8 Nd3 59. Bd6 Nc1 60. Bb8 Ne2+ 61. Kh3 Nxf4+ 62. Kg3 Ng6 63. Kh3 Kf3 64. Bc7 Nf4+ 65. Kh2 Kg4 66. Kg1 Ng6 67. Kh2 Nxh4 68. Kg1 Nf3+ 69. Kg2 h4 0-1


[Site "https://www.chess.com"]

[Event "Titled Tuesday Blitz August 08 Early 2023"]
[White "Vivas Zamora, Fabian Ernesto"]
[Black "Konenkin, Dmitry"]
[WhiteFideId "3902480"]
[BlackFideId "4185781"]
[WhiteElo "2465"]
[BlackElo "2287"]
[Result "0-1"]
[Round "7"]
[TimeControl "180+1"]
[Date "2023.08.08"]
[WhiteClock "0:00:00"]
[BlackClock "0:00:03"]
[Board "172"]

1. e4 d6 2. d4 Nf6 3. Nc3 e5 4. dxe5 dxe5 5. Qxd8+ Kxd8 6. Bc4 Be6 7. Bxe6 fxe6 8. Bg5 Bd6 9. f3 Nd7 10. Nb1 Ke7 11. Nd2 a6 12. Nh3 b5 13. a4 h6 14. Be3 g5 15. Nf2 Nh5 16. g3 Rhf8 17. Ng4 Bb4 18. c3 Bc5 19. Ke2 Kf7 20. Nxh6+ Kg6 21. Ng4 Nhf6 22. Bxc5 Nxc5 23. Nxe5+ Kg7 24. axb5 axb5 25. Nd3 Na4 26. Nb3 Nd7 27. Nd4 Kf6 28. Nxb5 c5 29. Nd6 Rfb8 30. Nc4 Ndb6 31. Nxb6 Rxb6 32. Kd2 c4 33. Nb4 Rd8+ 34. Kc2 Nc5 35. Rhd1 Rh8 36. Rh1 g4 37. fxg4 Nxe4 38. h4 Nxg3 39. Rh3 Ne4 40. Rf1+ Ke5 41. h5 Rb7 42. Re3 Rg7 43. Na6 Rxg4 44. Nc5 Rxh5 45. Rfe1 Rh2+ 46. Kb1 Rhh4 47. Ka2 Kd5 48. Nxe4 Rxe4 49. Ka3 Rxe3 50. Rxe3 Rh2 51. Re1 e5 52. Rd1+ Ke4 53. Kb4 Rxb2+ 54. Kxc4 Kf3 0-1


[Site "https://www.chess.com"]

[Event "Titled Tuesday Blitz August 08 Early 2023"]
[White "Omariev, Maksim"]
[Black "Fajdetic, Hrvoje"]
[WhiteFideId "4193423"]
[BlackFideId "14501945"]
[WhiteElo "2457"]
[BlackElo "2294"]
[Result "0-1"]
[Round "7"]
[TimeControl "180+1"]
[Date "2023.08.08"]
[WhiteClock "0:00:37"]
[BlackClock "0:00:04"]
[Board "173"]

1. g4 h5 2. g5 g6 3. d4 Bg7 4. c3 e6 5. e4 d5 6. f3 Ne7 7. Bd3 b6 8. Bf4 O-O 9. Nd2 c5 10. dxc5 bxc5 11. Ne2 Ba6 12. Bxa6 Nxa6 13. Qa4 Qb6 14. Rb1 Qc6 15. Qxc6 Nxc6 16. Kf2 Be5 17. Rhd1 Rab8 18. Bg3 Bxg3+ 19. hxg3 Ne5 20. b3 f6 21. Nf4 Rbe8 22. exd5 exd5 23. gxf6 Rxf6 24. Nxd5 Nd3+ 25. Kf1 Rf5 26. c4 Nab4 27. Nxb4 cxb4 28. f4 h4 29. Nf3 Re3 30. Nxh4 Ra5 31. Kg2 Rxa2+ 32. Kh3 Nf2+ 33. Kg2 Nxd1+ 34. Kg1 Re1# 0-1


[Site "https://www.chess.com"]

[Event "Titled Tuesday Blitz August 08 Early 2023"]
[White "Rozhkov, Viacheslav"]
[Black "Sariego Figueredo, Wilfredo"]
[WhiteFideId "4181484"]
[BlackFideId "3500080"]
[WhiteElo "2436"]
[BlackElo "2279"]
[Result "0-1"]
[Round "7"]
[TimeControl "180+1"]
[Date "2023.08.08"]
[WhiteClock "0:00:00"]
[BlackClock "0:00:46"]
[Board "174"]

1. e4 c5 2. Nf3 a6 3. c3 e6 4. d4 d5 5. e5 Nc6 6. Bd3 Qb6 7. a3 Bd7 8. b4 cxd4 9. O-O Nge7 10. Bb2 dxc3 11. Nxc3 Ng6 12. Qe2 Be7 13. Rac1 Nf4 14. Qd2 Nxd3 15. Qxd3 O-O 16. h4 Rac8 17. h5 h6 18. Na4 Qa7 19. Nc5 Bxc5 20. Rxc5 b6 21. Rc2 a5 22. b5 Ne7 23. Nd4 Rxc2 24. Qxc2 Rc8 25. Qd3 Qc7 26. f4 Nf5 27. Nxf5 exf5 28. Qxd5 Be6 29. Qd6 Qc5+ 30. Bd4 Qxb5 31. Bxb6 Qe2 32. Bc7 Qxh5 33. Rf3 Qh4 34. g3 Qg4 35. Kg2 h5 36. Qc5 a4 37. Qa5 h4 0-1


[Site "https://www.chess.com"]

[Event "Titled Tuesday Blitz August 08 Early 2023"]
[White "GAO"]
[Black "Rios Escobar, Adan"]
[BlackFideId "3403645"]
[WhiteElo "2278"]
[BlackElo "2430"]
[Result "1-0"]
[Round "7"]
[TimeControl "180+1"]
[Date "2023.08.08"]
[WhiteClock "0:00:11"]
[BlackClock "0:00:02"]
[Board "175"]

1. Nf3 Nf6 2. g3 g6 3. Bg2 Bg7 4. O-O c6 5. b3 d5 6. Bb2 O-O 7. d3 h6 8. Nbd2 Be6 9. e4 Qd7 10. e5 Nh7 11. Re1 Bh3 12. Bh1 Ng5 13. Nh4 Bg4 14. f3 Bh3 15. f4 Bg4 16. Ndf3 Nxf3+ 17. Bxf3 h5 18. Bxg4 hxg4 19. Ng2 d4 20. e6 fxe6 21. Qxg4 Rf6 22. Nh4 Kf7 23. Nf3 Rf5 24. Nh4 Rf6 25. Re4 c5 26. Nf3 Nc6 27. Rae1 Rh8 28. Rxe6 Qd5 29. Ng5+ Kf8 30. Rxf6+ Bxf6 31. Ne6+ Kf7 32. Ba3 b6 33. Ng5+ Bxg5 34. fxg5 Kg7 35. Bc1 Rf8 36. Bf4 Rf5 37. Qh3 Qg8 38. Qh6+ Kf7 39. Qh3 Qg7 40. Qg2 Nd8 41. Qa8 Ne6 42. Qxa7 Qf8 43. Rf1 Kg8 44. Qxb6 Qg7 45. Qxe6+ Kh7 46. Qe4 Qf7 47. Qf3 e5 48. Qg4 exf4 49. Qh4+ Kg7 50. gxf4 Qd7 51. Qh6+ Kf7 52. Qh4 Kg7 53. Qg3 Qd6 54. Qg2 Qe6 55. Qe4 Qf7 56. Kg2 Kg8 57. Kg3 Kg7 58. h4 Kg8 59. Re1 Rd5 60. Qe8+ Kg7 61. Qxf7+ Kxf7 62. Re5 Rd6 63. Rxc5 Ra6 64. a4 Ke6 65. Re5+ Kf7 66. Rc5 Re6 67. Kf3 Re1 68. Rc4 Rh1 69. Rxd4 Rxh4 70. a5 Rh2 71. Rc4 Rh3+ 72. Ke4 Rh1 73. a6 Re1+ 74. Kd4 Re7 75. Rb4 Ke6 76. Rb7 Re8 77. Rb6+ Kf5 78. Rf6+ Kg4 79. Kc5 Rc8+ 80. Kb6 Rxc2 81. a7 Ra2 82. Kb7 Ra3 83. a8=Q Rxb3+ 84. Kc6 Rxd3 85. Qc8+ Kh4 86. Rxg6 Kh5 87. Rh6# 1-0


[Site "https://www.chess.com"]

[Event "Titled Tuesday Blitz August 08 Early 2023"]
[White "McLaren, Brian"]
[Black "Harriott, Tyrell"]
[WhiteFideId "2604612"]
[BlackFideId "2086484"]
[WhiteElo "2277"]
[BlackElo "2419"]
[Result "0-1"]
[Round "7"]
[TimeControl "180+1"]
[Date "2023.08.08"]
[WhiteClock "0:00:56"]
[BlackClock "0:01:03"]
[Board "176"]

1. g3 d5 2. Bg2 e6 3. b3 f5 4. Bb2 Nf6 5. d3 Bd6 6. Nd2 O-O 7. Ngf3 Nbd7 8. O-O f4 9. e4 fxe3 10. fxe3 Ng4 11. Qe2 Qe8 12. Nd4 Ngf6 13. c4 c6 14. Rf2 Ne5 15. h3 Ng6 16. Nf1 e5 17. Nf5 Bc5 18. cxd5 Nxd5 19. Kh2 Bxf5 20. Rxf5 Rxf5 21. e4 Ndf4 22. gxf4 Nxf4 23. Qd2 Rg5 24. Bf3 Bg1+ 25. Kh1 Bb6 26. d4 Qd7 27. dxe5 Qxh3+ 28. Nh2 Rd8 29. Qxf4 Rg3 30. Bg4 Qg2# 0-1


[Site "https://www.chess.com"]

[Event "Titled Tuesday Blitz August 08 Early 2023"]
[White "Cheer_Down"]
[Black "Yuruultei Batbaatar"]
[BlackFideId "4905962"]
[WhiteElo "2413"]
[BlackElo "2266"]
[Result "1-0"]
[Round "7"]
[TimeControl "180+1"]
[Date "2023.08.08"]
[WhiteClock "0:01:00"]
[BlackClock "0:00:00"]
[Board "177"]

1. e4 c5 2. Nf3 e6 3. d4 cxd4 4. Nxd4 Nc6 5. Bf4 a6 6. Nxc6 bxc6 7. c4 Bc5 8. Nc3 Qb6 9. Qd2 Qa5 10. Bd3 Nf6 11. O-O Bd4 12. Bd6 e5 13. b4 Qa3 14. Rac1 a5 15. Nb1 Qa4 16. b5 cxb5 17. cxb5 Bb7 18. Rc4 Nxe4 19. Rxa4 Nxd2 20. Nxd2 f6 21. Nb3 Bb6 22. Bc5 Bxc5 23. Nxc5 Bd5 24. Bf5 d6 25. Rd1 Bxg2 26. Ne6 Bf3 27. Rd3 1-0


[Site "https://www.chess.com"]

[Event "Titled Tuesday Blitz August 08 Early 2023"]
[White "Kazakov, Mikhail"]
[Black "Ruge, Edison"]
[WhiteFideId "14102749"]
[BlackFideId "4401000"]
[WhiteElo "2412"]
[BlackElo "2263"]
[Result "0-1"]
[Round "7"]
[TimeControl "180+1"]
[Date "2023.08.08"]
[WhiteClock "0:00:02"]
[BlackClock "0:01:18"]
[Board "178"]

1. d4 d5 2. c4 e5 3. dxe5 d4 4. Nf3 Nc6 5. a3 Bg4 6. Nbd2 a5 7. g3 a4 8. Bg2 Bc5 9. O-O Qd7 10. b4 axb3 11. Nxb3 Ba7 12. c5 Rd8 13. Bb2 d3 14. h3 Bxh3 15. Qxd3 Qxd3 16. exd3 Bxg2 17. Kxg2 Rxd3 18. Nbd4 Nge7 19. Rac1 O-O 20. Nb5 Bb8 21. Ne1 Rb3 22. a4 Rxb2 23. Nd3 Ra2 24. Rc4 Rd8 25. Nc1 Rad2 26. Re1 Nd4 27. Nc3 Nec6 28. Ne4 Rc2 29. Rxc2 Nxc2 30. Re2 N2d4 31. Rd2 Ne6 32. Rxd8+ Nexd8 33. f4 h6 34. Kf3 Ne6 35. Nb3 Ned4+ 36. Nxd4 Nxd4+ 37. Ke3 Nc6 38. Kd3 Ne7 39. Kc4 Kf8 40. Kb5 Ke8 41. g4 Kd7 42. Nd2 c6+ 43. Kc4 Nd5 44. f5 Bxe5 45. Nb3 Bc7 46. Nd4 Ne3+ 47. Kd3 Nxg4 0-1


[Site "https://www.chess.com"]

[Event "Titled Tuesday Blitz August 08 Early 2023"]
[White "Bueno, Alfeu Junior Varela"]
[Black "Sarkar, Justin"]
[WhiteFideId "2108879"]
[BlackFideId "2010011"]
[WhiteElo "2402"]
[BlackElo "2242"]
[Result "1-0"]
[Round "7"]
[TimeControl "180+1"]
[Date "2023.08.08"]
[WhiteClock "0:01:00"]
[BlackClock "0:00:00"]
[Board "179"]

1. e4 e5 2. Nc3 Nf6 3. f4 d5 4. fxe5 Nxe4 5. Qf3 f5 6. d3 Nxc3 7. bxc3 d4 8. Qg3 Nc6 9. Be2 g6 10. Nf3 dxc3 11. Be3 Nb4 12. Bd1 Nd5 13. Bg5 Be7 14. O-O O-O 15. Bh6 Re8 16. Kh1 Bf8 17. Bg5 Qd7 18. h4 Qg7 19. d4 Be6 20. Ne1 c5 21. dxc5 Bxc5 22. Nd3 Be7 23. Bc1 b6 24. Bf3 Rad8 25. a4 Nb4 26. Nxb4 Bxb4 27. Bc6 Rf8 28. Bg5 Rc8 29. Bf6 Rxf6 30. exf6 Qxf6 31. Bb7 Rd8 32. Rad1 1-0


[Site "https://www.chess.com"]

[Event "Titled Tuesday Blitz August 08 Early 2023"]
[White "Samaganova, Aleksandra"]
[Black "Avazkhonov, Alikhon"]
[WhiteFideId "13800221"]
[BlackFideId "14208504"]
[WhiteElo "2239"]
[BlackElo "2398"]
[Result "0-1"]
[Round "7"]
[TimeControl "180+1"]
[Date "2023.08.08"]
[WhiteClock "0:00:00"]
[BlackClock "0:00:03"]
[Board "180"]

1. c4 e5 2. Nc3 d6 3. g3 f5 4. Bg2 Nf6 5. e3 Be7 6. Nge2 O-O 7. O-O Qe8 8. d3 c6 9. Rb1 Na6 10. b4 Nc7 11. b5 Ne6 12. a4 a5 13. bxc6 bxc6 14. Rb6 Bd7 15. f4 Qh5 16. Rb7 Nc5 17. Rb6 Bd8 18. Rb1 e4 19. dxe4 Ncxe4 20. Rb7 Bc8 21. Rb3 Be6 22. Nxe4 Nxe4 23. Qc2 Qf7 24. Ba3 Bxc4 25. Rb2 Bf6 26. Rb6 Bd5 27. Rfb1 Qe6 28. Nd4 Bxd4 29. exd4 Nf6 30. h3 Rfc8 31. Kh2 Bxg2 32. Qxg2 Ne4 33. Rb7 Rd8 34. Qb2 Rd7 35. Rb8+ Rxb8 36. Qxb8+ Kf7 37. Qb2 Qd5 38. Rc1 g5 39. Rc2 g4 40. h4 Nf6 41. Rc1 Re7 42. Rd1 Qf3 43. Rd2 Re1 44. Rg2 Qf1 45. Qa2+ Kg6 46. h5+ Kh6 0-1


[Site "https://www.chess.com"]

[Event "Titled Tuesday Blitz August 08 Early 2023"]
[White "Joshi, Pankaj"]
[Black "Dishman, Stephen"]
[WhiteFideId "5006210"]
[BlackFideId "403024"]
[WhiteElo "2239"]
[BlackElo "2394"]
[Result "0-1"]
[Round "7"]
[TimeControl "180+1"]
[Date "2023.08.08"]
[WhiteClock "0:00:15"]
[BlackClock "0:01:27"]
[Board "181"]

1. d4 d5 2. Nc3 Nf6 3. Bf4 e6 4. e3 a6 5. g4 Bb4 6. Bd3 c5 7. g5 Nfd7 8. h4 Nc6 9. Nf3 c4 10. Be2 b5 11. Ne5 Ndxe5 12. Bxe5 Nxe5 13. dxe5 Bb7 14. f4 Qb6 15. Qd2 Bc5 16. Rh3 d4 17. exd4 Bxd4 18. O-O-O O-O-O 19. Bf3 Be3 20. Bxb7+ Kxb7 21. Qxe3 Rxd1+ 22. Nxd1 Qa5 23. Nc3 Rd8 24. Rh1 b4 25. Rd1 bxc3 26. Rxd8 cxb2+ 27. Kxb2 Qxd8 28. Qc5 Qb6+ 29. Qxb6+ Kxb6 30. Kc3 Kc5 31. h5 g6 32. h6 a5 33. a4 Kd5 34. Kd2 Kd4 35. c3+ Ke4 36. Ke2 Kxf4 37. Kd2 Kxe5 38. Ke3 Kd5 39. Kf4 e5+ 40. Ke3 Ke6 41. Ke4 f5+ 42. gxf6 Kxf6 43. Kd5 g5 44. Kxc4 g4 45. Kb5 g3 46. c4 g2 47. c5 g1=Q 48. c6 Qa7 49. Kc4 Ke6 50. Kb5 Kd6 51. Kc4 Kxc6 52. Kb3 Qd4 53. Ka3 Kc5 54. Ka2 Qd3 55. Ka1 Kb4 0-1


[Site "https://www.chess.com"]

[Event "Titled Tuesday Blitz August 08 Early 2023"]
[White "Herman, Daniel"]
[Black "EvgenyBurmakin"]
[WhiteFideId "30935008"]
[WhiteElo "2393"]
[BlackElo "2231"]
[Result "1-0"]
[Round "7"]
[TimeControl "180+1"]
[Date "2023.08.08"]
[WhiteClock "0:00:06"]
[BlackClock "0:00:04"]
[Board "182"]

1. Nf3 c5 2. g3 d5 3. Bg2 Nc6 4. d4 e6 5. O-O Nf6 6. c4 cxd4 7. Nxd4 Bc5 8. Nxc6 bxc6 9. Qc2 Be7 10. b3 O-O 11. Bb2 Bb7 12. Rd1 Qb6 13. Nc3 Rfd8 14. Na4 Qa6 15. e3 Rac8 16. Bf1 Qa5 17. c5 Ne4 18. Rac1 Qc7 19. f3 Nf6 20. e4 dxe4 21. fxe4 Ng4 22. Qe2 h5 23. e5 Bg5 24. Rd6 Be3+ 25. Kg2 Bxc1 26. Bxc1 Qe7 27. h3 Nh6 28. Qxh5 Nf5 29. Bg5 f6 30. exf6 gxf6 31. Bf4 Nxd6 32. Bxd6 Qg7 33. Bc4 Re8 34. Qf5 Qf7 35. Qg4+ Qg7 36. Bxe6+ Kh8 37. Bxc8 Bxc8 38. Qh5+ 1-0


[Site "https://www.chess.com"]

[Event "Titled Tuesday Blitz August 08 Early 2023"]
[White "Luxama, Jacques Muller"]
[Black "Davidson, Kevin"]
[WhiteFideId "11900113"]
[BlackFideId "2056810"]
[WhiteElo "2214"]
[BlackElo "2388"]
[Result "1-0"]
[Round "7"]
[TimeControl "180+1"]
[Date "2023.08.08"]
[WhiteClock "0:00:59"]
[BlackClock "0:00:00"]
[Board "183"]

1. e4 c5 2. Nf3 d6 3. Bb5+ Nd7 4. O-O a6 5. Bxd7+ Bxd7 6. d4 cxd4 7. Qxd4 Nf6 8. c4 g6 9. Nc3 Bg7 10. Be3 O-O 11. Qd2 Bc6 12. Qd3 b5 13. cxb5 axb5 14. a3 Qb8 15. Bd4 e5 16. Be3 b4 17. axb4 Qxb4 18. Rxa8 Rxa8 19. Nd2 Rd8 20. Nc4 Ng4 21. Bb6 Rd7 22. h3 Nf6 23. Ra1 d5 24. exd5 Nxd5 25. Nxd5 Rxd5 26. Qc3 Rb5 27. Be3 Bd5 28. Qxb4 Rxb4 29. Nb6 Bc6 30. Rc1 Bb7 31. Rc7 Ba6 32. Ra7 Bd3 33. Ra8+ Bf8 34. Rxf8+ Kxf8 35. Bc5+ Kg7 36. Bxb4 f5 37. Bc3 Kf6 38. f4 1-0


[Site "https://www.chess.com"]

[Event "Titled Tuesday Blitz August 08 Early 2023"]
[White "Falbo, Sandro"]
[Black "Castella Garcia, Fausto"]
[WhiteFideId "810444"]
[BlackFideId "3501922"]
[WhiteElo "2196"]
[BlackElo "2386"]
[Result "1-0"]
[Round "7"]
[TimeControl "180+1"]
[Date "2023.08.08"]
[WhiteClock "0:00:31"]
[BlackClock "0:00:00"]
[Board "184"]

1. c4 c5 2. Nc3 g6 3. g3 Bg7 4. Bg2 Nf6 5. e4 Nc6 6. Nge2 O-O 7. O-O Ne8 8. d3 Nc7 9. Be3 Ne6 10. Rb1 Ned4 11. a3 a5 12. h3 d6 13. f4 Be6 14. Nd5 a4 15. Nec3 Bd7 16. Nxa4 Rxa4 17. Qxa4 Ne2+ 18. Kh2 e6 19. Qd1 Ned4 20. Nc3 h5 21. Ne2 h4 22. g4 f5 23. exf5 gxf5 24. g5 Be8 25. Nxd4 Nxd4 26. b4 cxb4 27. axb4 e5 28. Bxb7 exf4 29. Bxf4 Ne6 30. Bd5 Bf7 31. Bd2 Be5+ 32. Kh1 Kg7 33. Rxf5 Qe7 34. Qg4 Bg6 35. Rxe5 dxe5 36. Qxe6 1-0


[Site "https://www.chess.com"]

[Event "Titled Tuesday Blitz August 08 Early 2023"]
[White "Qiao, Cindy"]
[Black "Araujo Filho, Luiz Antonio Coel"]
[WhiteFideId "2620243"]
[BlackFideId "2130661"]
[WhiteElo "2385"]
[BlackElo "2187"]
[Result "1-0"]
[Round "7"]
[TimeControl "180+1"]
[Date "2023.08.08"]
[WhiteClock "0:00:48"]
[BlackClock "0:00:00"]
[Board "185"]

1. d4 f5 2. Bg5 g6 3. e3 Bg7 4. Nc3 d5 5. Nf3 Nf6 6. h4 c6 7. Bd3 Ne4 8. Bf4 Nd7 9. h5 Nf8 10. Qe2 Qa5 11. Bxe4 dxe4 12. Ne5 Be6 13. g4 fxg4 14. Nxg4 O-O-O 15. h6 Bf6 16. Ne5 Nd7 17. Ng4 Nb6 18. Nxf6 exf6 19. a3 Nc4 20. O-O-O Qb6 21. Na4 Qb5 22. b3 Nxa3 23. Qxb5 Nxb5 24. Nc5 Bd5 25. c4 b6 26. Na4 1-0


[Site "https://www.chess.com"]